 Dungeon Crawl Stone Soup version 0.29.1-4-g47bece8355 (webtiles) character file.

Game seed: 7543761457760157426

23 LustLizard the Chiller (level 2, -2/19 HPs)
             Began as a Barachi Ice Elementalist on Dec 8, 2022.
             Frozen to death by an endoplasm (3 damage)
             ... on level 1 of the Dungeon.
             The game lasted 00:01:22 (395 turns).

LustLizard the Chiller (Barachi Ice Elementalist)    Turns: 395, Time: 00:01:24

Health: -2/19      AC:  2    Str:  9    XL:     2   Next: 95%
Magic:  4/5        EV: 12    Int: 15    God:
Gold:   0          SH:  0    Dex: 12    Spells: 5/6 levels left

rFire   . . .      SeeInvis .   f - +0 short sword
rCold   . . .      Faith    .   (no shield)
rNeg    . . .      Spirit   .   a - +0 robe
rPois   .          Reflect  .   (no helmet)
rElec   .          Harm     .   (no cloak)
rCorr   .          Rampage  .   (no gloves)
Will    .....                   (no boots)
Stlth   ++........              (no amulet)
HPRegen 0.06/turn               (no ring)
MPRegen 0.09/turn               (no ring)

@: slow
A: amphibious, slowness 1, strong legs 1, +LOS
a: Hop


You were on level 1 of the Dungeon.
You visited 1 branch of the dungeon, and saw 1 of its levels.

Inventory:

Hand Weapons
 f - a +0 short sword (weapon)
Missiles
 k - 2 poisoned darts
Armour
 a - a +0 robe (worn)
 j - a +0 leather armour
Scrolls
 c - 2 scrolls of immolation {unknown}
 d - a scroll of identify {unknown}
 e - a scroll of vulnerability {unknown}
 h - a scroll of teleportation {unknown}
Potions
 g - 2 potions of mutation {unknown}
 i - a potion of resistance {unknown}


   Skills:
 - Level 2.1 Dodging
 - Level 1.7 Stealth
 + Level 2.6 Spellcasting
 * Level 5.5 Ice Magic


You had 5 spell levels left.
You knew the following spells:

 Your Spells              Type           Power      Damage    Failure   Level
a - Freeze                Ice            72%        1d9       2%          1

Your spell library contained the following spells:

 Spells                   Type           Power      Damage    Failure   Level
 Frozen Ramparts          Ice            36%        1d6       6%          3
 Ozocubu's Armour         Ice            18%        N/A       6%          3
 Tukima's Dance           Hex            1%         N/A       54%         3
 Hailstorm                Conj/Ice       10%        3d5       54%         4
 Passage of Golubria      Tloc           1%         N/A       91%         4
 Yara's Violent Unravell  Hex/Tmut       0%         3d3       99%         5


Dungeon Overview and Level Annotations

Branches:
Dungeon (1/15)

Altars:


Innate Abilities, Weirdness & Mutations

You are amphibious.
You cover ground slowly.
You can hop short distances.
You have an extended range of vision and can be seen from far away.


Message History

The bat closely misses you.
Casting: Freeze (safe; 2% risk of failure)
Confirm with . or Enter, or press ? or * to list all spells.
Aiming: Freeze (safe; 2% risk of failure)
Press: ? - help, Shift-Dir - straight line, f - hobgoblin
Aim: a hobgoblin You freeze the hobgoblin!
You kill the hobgoblin!
An endoplasm comes into view.
Casting: Freeze (safe; 2% risk of failure)
Confirm with . or Enter, or press ? or * to list all spells.
Aiming: Freeze (safe; 2% risk of failure)
Press: ? - help, Shift-Dir - straight line, f - jackal
Aim: a jackal You freeze the jackal.
You kill the jackal!
The endoplasm quivers.
Casting: Freeze (safe; 2% risk of failure)
Confirm with . or Enter, or press ? or * to list all spells.
Aiming: Freeze (safe; 2% risk of failure)
Press: ? - help, Shift-Dir - straight line, f - jackal
Aim: a jackal You freeze the jackal.
You kill the jackal!
Okay, then.
Magic courses through your body.
A quokka comes into view.
The endoplasm freezes you.
You are frozen.
* * * LOW HITPOINT WARNING * * *
Casting: Freeze (safe; 2% risk of failure)
Confirm with . or Enter, or press ? or * to list all spells.
Aiming: Freeze (safe; 2% risk of failure)
Press: ? - help, Shift-Dir - straight line, f - endoplasm
Aim: an endoplasm You freeze the endoplasm.
The endoplasm is severely wounded.
The endoplasm freezes you.
You are frozen.
You die...

#.
#.##.............
#.
#.##.#########.#.
#. #.##.# #.##
#.###.##.# #.#
#.#...##.# #.#
#.#......# #.#
#$..###..# #.#
##.r.#$#..# #.#
##..##@##..# #.#
#...#J#....# #.#
...##S##........
#...#r#.r........
#.###r#
.......... ..#
..# .........P ..
... ........~P
#?? ........~~ ##
#......P~~


You could see an endoplasm, a quokka, a ball python and 2 rats.

Vanquished Creatures
  A ball python (D:1)
  A bat (D:1)
  3 endoplasms (D:1)
  A giant cockroach (D:1)
  A goblin (D:1)
  3 hobgoblins (D:1)
  2 jackals (D:1)
  A quokka (D:1)
  A frilled lizard (D:1)
  2 kobolds (D:1)
  3 rats (D:1)
19 creatures vanquished.

Notes
Turn   | Place    | Note
-------+----------+-------------------------------------------
     0 | D:1      | LustLizard the Barachi Ice Elementalist began the quest for
                  | the Orb.
     0 | D:1      | Reached XP level 1. HP: 13/13 MP: 3/3
    55 | D:1      | Reached skill level 5 in Ice Magic
   137 | D:1      | Reached XP level 2. HP: 19/19 MP: 1/5
   395 | D:1      | Frozen to death by an endoplasm

Illustrated notes

Levels and vault maps discovered:
D:1:      erik_arrival_cave_to_civilisation [erik_arrival_cave_to_hall],
          layout_rooms, serial_bayou_pond_c, minmay_vboxes

Skill      XL: |  1 |
---------------+----+-----
Ice Magic      | 5 |  5.5
Dodging        | |  2.1
Stealth        | |  1.7
Spellcasting   | |  2.6

Action                   || total
-------------------------++-------
Melee: Unarmed           ||    10
       Short sword       ||     6
 Cast: Freeze            ||    20
  Use: Potion            ||     1
 Stab: Sleeping          ||     1
Armor: Robe              ||     5
Dodge: Dodged            ||    15
